 Dungeon Crawl Stone Soup version 0.30-a0-2-gf48d83f5e2 (webtiles) character file.

Game seed: 12728530503828306146

189 kae the Firebug (level 5, -1/28 HPs)
             Began as a Deep Elf Fire Elementalist on Aug 19, 2022.
             Shot with an arrow by a centaur (5 damage)
             ... on level 5 of the Dungeon.
             The game lasted 00:03:41 (3267 turns).

kae the Firebug (Deep Elf Fire Elementalist)        Turns: 3267, Time: 00:03:41

Health: -1/28      AC:  4    Str:  5    XL:     5   Next: 40%
Magic:  7/13       EV: 12    Int: 22    God:
Gold:   49         SH:  0    Dex: 15    Spells: 6/12 levels left

rFire   . . .      SeeInvis .    e - +0 whip
rCold   . . .      Faith    .    (no shield)
rNeg    . . .      Spirit   .    a - +0 robe
rPois   .          Reflect  .    h - +2 hat
rElec   .          Harm     .    (no cloak)
rCorr   .          Rampage  .    (no gloves)
Will    .....                    (no boots)
Stlth   ++........               (no amulet)
HPRegen 0.09/turn                (no ring)
MPRegen 0.13/turn                (no ring)

@: no status effects
A: no striking features
a: no special abilities


You were on level 5 of the Dungeon.
You visited 1 branch of the dungeon, and saw 5 of its levels.

You collected 181 gold pieces.
You spent 132 gold pieces at shops.


   Skills:
 - Level 2.4 Dodging
 - Level 2.4 Stealth
 + Level 4.3 Spellcasting
 * Level 3.7 Conjurations
 * Level 5.0 Fire Magic


You had 6 spell levels left.
You knew the following spells:

 Your Spells              Type           Power      Damage    Failure   Level
a - Foxfire               Conj/Fire      96%        2x1d8     1%          1
b - Scorch                Fire           52%        2d7       1%          2
c - Conjure Flame         Conj/Fire      24%        6-21      5%          3

Your spell library contained the following spells:

 Spells                   Type           Power      Damage    Failure   Level
 Magic Dart               Conj           84%        1d7       2%          1
 Inner Flame              Hex/Fire       15%        N/A       12%         3
 Call Imp                 Summ           4%         N/A       17%         2
 Ignite Poison            Fire/Tmut/Pois 12%        N/A       17%         3
 Flame Wave               Conj/Fire      24%        2d8       19%         4
 Mephitic Cloud           Conj/Pois/Air  10%        N/A       21%         3
 Irradiate                Conj/Tmut      6%         3d13      80%         5
 Freezing Cloud           Conj/Ice/Air   5%         6-21      88%         5
 Alistair's Intoxication  Tmut/Pois      2%         N/A       97%         5
 Blade Hands              Tmut           2%         N/A       97%         5
 Borgnjor's Vile Clutch   Necr/Erth      2%         N/A       97%         5
 Eringya's Noxious Bog    Tmut/Pois      2%         N/A       100%        6
 Dragon Form              Tmut           2%         N/A       100%        7

Inventory:

Hand Weapons
 e - a +0 whip (weapon)
   (You found it on level 1 of the Dungeon)
Missiles
 d - 34 stones
 i - 7 poisoned darts
 j - a throwing net {=f!f}
 k - 9 boomerangs
Armour
 a - a +0 robe (worn)
 h - a +2 hat (worn)
   (You found it on level 1 of the Dungeon)
Wands
 o - a wand of charming (13)
   (You found it on level 2 of the Dungeon)
Scrolls
 c - 2 scrolls of immolation {!r!r}
 f - 3 scrolls of enchant armour
 m - a scroll of teleportation {@r4}
 q - 2 scrolls of identify {@r1}
 r - a scroll of noise {!r}
Potions
 b - 2 potions of magic
 g - 2 potions of brilliance
 l - 3 potions of degeneration {!q}
 n - a potion of mutation {!q}
 p - 2 potions of flight
 s - a potion of attraction {unknown}

Dungeon Overview and Level Annotations

Branches:
Dungeon (5/15) Zot: 26729
 Temple: D:4-7

Altars:

Shops:
D:2 *   D:3 ?:[(

Annotations:
D:3 2 transporters

#....#
#....##
#......
#..... #
#....# ..#
#....##...#
#.........#
#..@..c...'
+.........#
########+##


You could see a centaur (combustible).


Message History

😎 MP[-1]
You lost 1 mp, and now have 10/12 mp.
s - a fuming puce potion 😎 MP[+2]
Your mp is fully restored (12).
No target in view!
You now have 46 gold pieces (gained 1).
You now have 47 gold pieces (gained 1).
You now have 48 gold pieces (gained 1).
Key pressed, stopping explore.
Casting: Foxfire (safe; 2% risk of failure)
Confirm with . or Enter, or press ? or * to list all spells.
You conjure some foxfire! 😎 MP[-1]
You lost 1 mp, and now have 11/12 mp.
You now have 49 gold pieces (gained 1).
Done exploring. 😎 MP[+1]
Your mp is fully restored (12).
Done exploring.
Done exploring.
Done exploring.
No target in view!
(D) Dungeon
Where to? (Enter - D:4, ? - help)
There is a stone staircase leading down here.
You climb downwards.
There is a stone staircase leading up here.
A scorpion is nearby!
Okay, then.
You aren't carrying any pieces of jewellery.
Unknown command.
Okay, then.
Casting: Foxfire (safe; 2% risk of failure)
Confirm with . or Enter, or press ? or * to list all spells.
You conjure some foxfire!
The foxfire hits the scorpion. x2 😎 MP[-1]
You lost 1 mp, and now have 11/12 mp.
Casting: Foxfire (safe; 2% risk of failure)
Confirm with . or Enter, or press ? or * to list all spells.
You conjure some foxfire!
The foxfire hits the scorpion.
The foxfire hits the scorpion but does no damage. 😎 MP[-1]
You lost 1 mp, and now have 10/12 mp.
Casting: Foxfire (safe; 2% risk of failure)
Confirm with . or Enter, or press ? or * to list all spells.
Flames lash the scorpion.
You kill the scorpion!
Your Fire Magic skill increases to level 5!
You have reached level 5! 😎 HP[+4] MP[-2]
You now have 28 max hp (+4).
Your hp is fully restored (28).
You lost 2 mp, and now have 8/13 mp.
This spell is quite dangerous to cast!
Memorise Conjure Flame, consuming 3 spell levels and leaving 6?
You start memorising the spell.
You continue memorising. x3
Something unseen opens the door.
You finish memorising.
Spell assigned to 'c'. 😎 MP[+1] This spell is quite dangerous to cast!
Memorise Inner Flame, consuming 3 spell levels and leaving 3?
You start memorising the spell.
You continue memorising.
The centaur shouts!
You continue memorising.
The centaur wields a +0 shortbow.
The centaur shoots an arrow.
Your memorisation is interrupted.
The arrow hits you! 😮 HP[-8]
You take 8 damage, and now have 20/28 hp.
MASSIVE DAMAGE!! (PAUSE) Unknown command.
Casting: Scorch (safe; 1% risk of failure)
Confirm with . or Enter, or press ? or * to list all spells.
You can't see any susceptible monsters within range! (Use Z to cast anyway.)
Casting: Scorch (safe; 1% risk of failure)
Confirm with . or Enter, or press ? or * to list all spells.
You conjure some foxfire!
The foxfire hits the centaur. x2; The centaur shoots an arrow.
The arrow completely misses you. 😮 MP[-1]
You lost 1 mp, and now have 8/13 mp.
Casting: Foxfire (safe; 1% risk of failure)
Confirm with . or Enter, or press ? or * to list all spells.
Flames lash the centaur.
The centaur's fire resistance burns away.
The centaur shoots an arrow.
The arrow hits you!
Ouch! That really hurt!
* * * LOW HITPOINT WARNING * * *
The centaur shoots an arrow.
The arrow closely misses you.
The centaur shoots an arrow.
The arrow hits you.
* * * LOW HITPOINT WARNING * * *
😱 HP[-16] MP[-1]
You take 16 damage, and now have 4/28 hp.
MASSIVE DAMAGE!! (PAUSE)
You lost 1 mp, and now have 7/13 mp.
Unknown command.
The centaur shoots an arrow.
The arrow barely misses you.
The centaur shoots an arrow.
The arrow hits you.
You die...

Skill      XL: |  1  2  3  4 |
---------------+-------------+-----
Conjurations   | 2 3 |  3.7
Fire Magic     | 4 5 |  5.0
Spellcasting   | 4 |  4.3
Dodging        | |  2.4
Stealth        | |  2.4

Action                   |  1- 3 |  4- 6 || total
-------------------------+-------+-------++-------
Melee: Whip              |    12 |     3 ||    15
 Cast: Foxfire           |    63 |    33 ||    96
       Scorch            |     9 |     5 ||    14
  Use: Scroll            |     5 |     4 ||     9
       Potion            |     2 |       ||     2
Armor: Robe              |     8 |     2 ||    10
Dodge: Dodged            |    30 |     6 ||    36

Levels and vault maps discovered:
D:1:      nicolae_arrival_memento_mori, layout_basic,
          hellmonk_ecumenical_altar_pennies_from_heaven, hangedman_decor_growths
D:2:      layout_basic, serial_shops, nicolae_shop_overgrown_old_shop
D:3:      gammafunk_steamed_eel, layout_loops_ring, serial_shops, shop,
          nicolae_shop_crystal, nicolae_shop_crystal, nicolae_diamond_shop,
          uniq_robin
D:4:      layout_rooms, roderic_nine_men_s_morris
D:5:      layout_gridville, serial_rivers, chequers_serial_rivers_micro_b,
          chequers_serial_rivers_small_a, chequers_serial_rivers_small_3,
          chequers_serial_rivers_micro_e

Notes
Turn   | Place    | Note
-------+----------+-------------------------------------------
     0 | D:1      | kae the Deep Elf Fire Elementalist began the quest for the
                  | Orb.
     0 | D:1      | Reached XP level 1. HP: 10/10 MP: 6/6
     0 | D:1      | magus.rc [v1.11.3]
   364 | D:1      | Reached XP level 2. HP: 15/15 MP: 5/8
   390 | D:1      | Found a faded altar of an unknown god.
   438 | D:1      | You add the spells Ignite Poison, Mephitic Cloud and
                  | Freezing Cloud to your library.
   532 | D:1      | Learned a level 2 spell: Scorch
   652 | D:1      | Reached skill level 2 in Conjurations
  1111 | D:2      | Reached XP level 3. HP: 19/19 MP: 5/9
  1155 | D:2      | Found Ragixzo's Assorted Antiques.
  1172 | D:2      | Bought a black potion for 24 gold pieces
  1172 | D:2      | Bought a smoky golden potion for 24 gold pieces
  1283 | D:2      | You add the spells Alistair's Intoxication, Borgnjor's Vile
                  | Clutch and Eringya's Noxious Bog to your library.
  1389 | D:2      | Reached skill level 4 in Fire Magic
  1508 | D:3      | Found a transporter.
  1536 | D:3      | Found a transporter.
  1734 | D:3      | You pick up a book of Transfigurations and begin reading...
  1734 | D:3      | You add the spells Irradiate, Blade Hands and Dragon Form
                  | to your library.
  1824 | D:3      | Found Gegyz's Book Boutique.
  1938 | D:3      | You pick up a book of Minor Magic and begin reading...
  1938 | D:3      | You add the spells Magic Dart and Call Imp to your library.
  2028 | D:3      | HP: 2/19 [orc/+0 flail (5)]
  2302 | D:3      | Reached XP level 4. HP: 12/24 MP: 8/11
  2528 | D:3      | Found Faka's Magic Scroll Boutique.
  2535 | D:3      | Bought a scroll of noise for 12 gold pieces
  2535 | D:3      | Bought a scroll of identify for 24 gold pieces
  2535 | D:3      | Bought a scroll of identify for 24 gold pieces
  2535 | D:3      | Bought a scroll of identify for 24 gold pieces
  2615 | D:3      | Noticed Robin
  2624 | D:3      | Killed Robin
  2625 | D:3      | Reached skill level 3 in Conjurations
  2679 | D:3      | Found Fuanweshes's Antique Armour Shop.
  2691 | D:3      | Found Garyr's Antique Weapon Emporium.
  2904 | D:4      | Reached skill level 4 in Spellcasting
  3250 | D:5      | Entered Level 5 of the Dungeon
  3250 | D:5      | Noticed a scorpion
  3255 | D:5      | Killed a scorpion
  3256 | D:5      | Reached skill level 5 in Fire Magic
  3256 | D:5      | Reached XP level 5. HP: 28/28 MP: 8/13
  3260 | D:5      | Learned a level 3 spell: Conjure Flame
  3260 | D:5      | Noticed a centaur
  3265 | D:5      | HP: 6/28 [centaur/arrow (14)]
  3267 | D:5      | Shot with an arrow by a centaur

Vanquished Creatures
  A scorpion (D:5)
  Robin (D:3)
  5 adders
  An ufetubus (D:4)
  A worm (D:3)
  6 orcs (D:3)
  5 ball pythons
  An endoplasm (D:1)
  A giant cockroach (D:1)
  11 goblins
  8 hobgoblins
  4 jackals (D:1)
  2 quokkas (D:3)
  4 bats
  3 kobolds
  4 rats
58 creatures vanquished.

Vanquished Creatures (others)
  163 foxfires
163 creatures vanquished.

Grand Total: 221 creatures vanquished

Table legend:
 A = Non-vault XP
 B = Vault XP
 C = Vault XP percentage of total XP
 D = Non-vault monster count
 E = Vault monster count
 F = Vault count percentage of total count
                 A         B        C        D         E       F
            +---------+---------+-------+---------+---------+-------
      Total |     237 |      34 |  12.5 |      47 |      11 |  19.0
            +---------+---------+-------+---------+---------+-------
        D:1 |      27 |       0 |   0.0 |      16 |       0 |   0.0
        D:2 |      30 |       0 |   0.0 |       4 |       0 |   0.0
        D:3 |      39 |      34 |  46.6 |      18 |      11 |  37.9
        D:4 |      54 |       0 |   0.0 |       8 |       0 |   0.0
        D:5 |      87 |       0 |   0.0 |       1 |       0 |   0.0
            +---------+---------+-------+---------+---------+-------

Illustrated notes

Table legend:
 A = Kills in this place as a percentage of kills in entire the game.
 B = Kills by you in this place as a percentage of kills by you in the entire game.
 C = Kills by friends in this place as a percentage of kills by friends in the entire game.
 D = Other kills in this place as a percentage of other kills in the entire game.
 E = Experience gained in this place as a percentage of experience gained in the entire game.
 F = Experience gained in this place divided by the number of levels of this place that you have seen.
                   A       B       C       D       E      F
               +-------+-------+-------+-------+-------+----------------------
         Total | 100.0 | 100.0 |   N/A |   N/A | 100.0 |  54.2
       Dungeon | 100.0 | 100.0 |   N/A |   N/A | 100.0 |  54.2
               +-------+-------+-------+-------+-------+----------------------

Table legend: (Time is in decaauts)
 A = Elapsed time spent in this place.
 B = Non-inter-level travel time spent in this place.
 C = Inter-level travel time spent in this place.
 D = Time resting spent in this place.
 E = Time spent auto-exploring this place.
 F = Levels seen in this place.
 G = Mean time per level.
                   A        B        C        D        E       F      G
               +--------+--------+--------+--------+--------+-----+--------+
         Total |   3269 |   3194 |     75 |      0 |   2765 |   5 |  653.8 |
       Dungeon |   3269 |   3194 |     75 |      0 |   2765 |   5 |  653.8 |
               +--------+--------+--------+--------+--------+-----+--------+

Top non-repeatable levels by time:
     D:3: 1256 daAuts
     D:1: 764 daAuts
     D:2: 727 daAuts
     D:4: 503 daAuts
     D:5: 16 daAuts
